 Dungeon Crawl Stone Soup version 0.30-a0-618-gd6c86c23d0 (webtiles) character file.

Game seed: 11660395577299625084

385 bande the Covered (level 6, -3/38 HPs)
             Began as a Gargoyle Fighter on Jan 9, 2023.
             Slain by an ogre
             ... wielding a +0 giant club
              (23 damage)
             ... on level 5 of the Dungeon.
             The game lasted 00:06:23 (4389 turns).

bande the Covered (Gargoyle Fighter)                Turns: 4389, Time: 00:06:24

Health: -3/38      AC: 15    Str: 19    XL:     6   Next: 77%
Magic:  6/6        EV:  7    Int:  9    God:
Gold:   190        SH:  4    Dex: 11    Spells: 4/5 levels left

rFire   . . .      SeeInvis .    a - +0 war axe
rCold   . . .      Faith    .    c - +0 buckler
rNeg    + . .      Spirit   .    j - +0 chain mail
rPois   ∞          Reflect  .    (no helmet)
rElec   +          Harm     .    (no cloak)
rCorr   +          Rampage  .    (no gloves)
Will    .....                    k - +0 pair of boots Stlth
                                 (no amulet)
HPRegen 0.26/turn                g - ring of resist corrosion
MPRegen 0.10/turn                (no ring)

@: no status effects
A: sickness immunity, AC +4, negative energy resistance 1, electricity
resistance, torment resistance 1, petrification resistance
a: no special abilities


You were on level 5 of the Dungeon.
You visited 2 branches of the dungeon, and saw 6 of its levels.

You collected 190 gold pieces.

Inventory:

Hand Weapons
 a - a +0 war axe (weapon)
 q - a +0 flail
Armour
 c - a +0 buckler (worn)
 j - a +0 chain mail (worn)
 k - a +0 pair of boots (worn)
Jewellery
 g - a ring of resist corrosion (left hand)
 n - a +6 ring of intelligence
Wands
 h - a wand of roots (1)
Scrolls
 l - a scroll of noise {unknown}
 p - a scroll of vulnerability {unknown}
 r - a scroll of identify
Potions
 b - a potion of heal wounds
 d - 2 potions of might
 e - a potion of brilliance
 f - 2 potions of flight
 i - 5 potions of curing
 m - a potion of resistance
 o - a potion of mutation


   Skills:
 + Level 4.3 Fighting
 + Level 4.5 Axes
 + Level 4.6 Armour
 - Level 0.1 Stealth
 + Level 4.1 Shields
 * Level 0.9 Translocations


You had 4 spell levels left.
You knew the following spells:

 Your Spells              Type           Power      Damage    Failure   Level
a - Apportation           Tloc           2%         N/A       98%         1

Your spell library contained the following spells:

 Spells                   Type           Power      Damage    Failure   Level
 Necrotise                Necr           0%         1d4       99%         1
 Summon Small Mammal      Summ           0%         N/A       99%         1
 Alistair's Intoxication  Tmut/Pois      0%         N/A       100%        5


Dungeon Overview and Level Annotations

Branches:
Dungeon (5/15)             Temple (1/1) D:4

Altars:
Cheibriados
Fedhas
Gozag
Hepliaklqana
Qazlal
Ru
Sif Muna
Uskayaw
Wu Jian
Xom
Yredelemnul
The Shining One


Innate Abilities, Weirdness & Mutations

You are immune to sickness and miasma.
Your stone body is resilient. (AC +4)
You are immune to poison.
You resist negative energy. (rN+)
You are resistant to electric shocks. (rElec)
You are resistant to unholy torment.
You are immune to petrification.


Message History

The hound barely misses you. The hound bites you but does no damage.
The ogre hits you with a +0 giant club! The hound bites you.
The hound barely misses you.
You hit the hound.
The hound is heavily wounded.
You closely miss the ogre. You barely miss the hound. The hound bites you.
You block the hound's attack. The hound bites you but does no damage.
The ogre hits you but does no damage. The hound bites you but does no damage.
You closely miss the hound.
The hound is heavily wounded.
You hit the ogre. You closely miss the hound. The hound barely misses you.
The hound bites you.
The hound bites you but does no damage. x2
The ogre barely misses you.
You closely miss the hound.
The hound is heavily wounded.
You hit the hound. You hit the ogre. You block the hound's attack.
The hound bites you but does no damage. x2; You block the hound's attack.
The ogre hits you but does no damage.
You slash the hound!
The hound is almost dead.
You hit the hound. You hit the ogre. The hound bites you but does no damage.
The hound closely misses you. The hound barely misses you. The hound bites you.
The ogre hits you with a +0 giant club.
You are too injured to fight recklessly!
You are too injured to fight recklessly!
You are too injured to fight recklessly!
You are too injured to fight recklessly!
You are too injured to fight recklessly!
You are too injured to fight recklessly!
You are too injured to fight recklessly!
You are too injured to fight recklessly!
Unknown command.
You barely miss the hound.
The hound is almost dead.
You barely miss the hound. You hit the ogre but do no damage.
The hound barely misses you.
The hound bites you but does no damage. x2
You block the hound's attack.
The ogre hits you with a +0 giant club!!
Ouch! That really hurt!
You die...

........# ........#####
............
...........## #..
#..........## #..
#..........## ...
#...Ohh.$.... #..#####
###....@....... .......
##..............
......###..#............
..................#....#
....<...#.##......#.#..#
........# ##........##.#
....)...#######.........
.##........###..#....#.
............#...######


You could see an ogre and 2 hounds.

Vanquished Creatures
  A hound (D:4)
  An orc priest (D:5)
  Jessica (D:3)
  Ijyb (D:4)
  3 orc wizards
  3 gnolls (D:3)
  5 adders
  A shadow imp (D:4)
  An ufetubus (D:4)
  A worm (D:2)
  4 dart slugs
  12 orcs
  5 ball pythons
  4 endoplasms
  5 giant cockroaches
  12 goblins
  12 hobgoblins
  5 quokkas
  6 bats
  3 frilled lizards
  4 kobolds
  4 rats
94 creatures vanquished.

Notes
Turn   | Place    | Note
-------+----------+-------------------------------------------
     0 | D:1      | bande the Gargoyle Fighter began the quest for the Orb.
     0 | D:1      | Reached XP level 1. HP: 14/14 MP: 1/1
   113 | D:1      | Reached XP level 2. HP: 16/19 MP: 2/2
   474 | D:1      | Reached XP level 3. HP: 23/23 MP: 3/3
   576 | D:1      | Found a faded altar of an unknown god.
  1010 | D:2      | Reached XP level 4. HP: 28/28 MP: 4/4
  1206 | D:2      | Reached XP level 5. HP: 20/33 MP: 5/5
  2087 | D:3      | Noticed Jessica
  2096 | D:3      | Killed Jessica
  2145 | D:3      | Reached XP level 6. HP: 38/38 MP: 6/6
  2420 | D:3      | Found a blossoming altar of Fedhas.
  2543 | D:3      | Learned a level 1 spell: Apportation
  3046 | D:4      | Noticed Ijyb
  3057 | D:4      | Killed Ijyb
  3376 | D:4      | Found a staircase to the Ecumenical Temple.
  3385 | Temple   | Entered the Ecumenical Temple
  3977 | D:5      | Entered Level 5 of the Dungeon
  4389 | D:5      | Slain by an ogre

Illustrated notes

Levels and vault maps discovered:
D:1:      minmay_arrival_jagged, layout_loops_ring,
          hellmonk_ecumenical_altar_prayer_group
D:2:      layout_loops_corners
D:3:      layout_loops_ring, fedhas_altar_2, uniq_jessica
D:4:      layout_basic, minmay_temple_entry_trees, kennysheep_generic_room_4,
          uniq_ijyb
D:5:      minmay_inner_zag, layout_cave_pools, trog_hazing_becter,
          grunt_dithmenos_smoke, nicolae_elevator_lobby_asterisk
Temple:   jpeg_temple_clearing

Skill      XL: |  1  2  3  4  5  6 |
---------------+-------------------+-----
Axes           | 2 3 4 |  4.5
Armour         | 4 |  4.6
Fighting       | 4 |  4.3
Shields        | 4 |  4.1
Stealth        | |  0.1
Translocations | |  0.9

Action                   |  1- 3 |  4- 6 || total
-------------------------+-------+-------++-------
Melee: War axe           |   108 |   211 ||   319
  Use: Scroll            |     4 |     9 ||    13
Armor: Scale mail        |    36 |       ||    36
       Chain mail        |    37 |   172 ||   209
Dodge: Dodged            |    52 |    83 ||   135
Block: Buckler           |    21 |    59 ||    80

Table legend: (Time is in decaauts)
 A = Elapsed time spent in this place.
 B = Non-inter-level travel time spent in this place.
 C = Inter-level travel time spent in this place.
 D = Time resting spent in this place.
 E = Time spent auto-exploring this place.
 F = Levels seen in this place.
 G = Mean time per level.
                   A        B        C        D        E       F      G
               +--------+--------+--------+--------+--------+-----+--------+
         Total |   4509 |   4351 |    158 |    682 |   2808 |   6 |  751.5 |
       Dungeon |   4375 |   4234 |    141 |    682 |   2703 |   5 |  875.0 |
        Temple |    133 |    116 |     17 |      0 |    105 |   1 |  133.0 |
               +--------+--------+--------+--------+--------+-----+--------+

Top non-repeatable levels by time:
     D:4: 1338 daAuts
     D:2: 1130 daAuts
     D:3: 856 daAuts
     D:1: 851 daAuts
     D:5: 197 daAuts
  Temple: 133 daAuts
